AoeStats
← Xx360nOsCoPexX

Black Forest

504979638Analyzed
4v4 RM · 24d ago on Sep 7, 2026· 39m 38s· 8 players
Game mode
Random Map
Map size
Large (8 player)
Population
200
Speed
Normal
Resources
Standard
Victory
Conquest
Starting age
Dark Age
Ending age
Imperial Age
RankedLock teamsTeams togetherTeam positionsShared explorationLock speedFull tech treeHidden civsTurbo modeCheats
Victory
Defeat
🇭🇰 Jurchens · Hong Kong SAR China
1068
+13
🇨🇳 Persians · China
1005
+15
991
+16
🇹🇼 Burgundians · Taiwan
989
+16
🇨🇳 Persians · China
1107
-21
🇹🇷 Mongols · Türkiye
989
-15
🇳🇿 Mongols · New Zealand
951
-36
🇮🇱 Vikings · Israel
902
-11
L.默
2:05 Loom
10:59 Feudal Age
11:32 Horse Collar
11:40 Double-Bit Axe
18:58 Castle Age
17:03 Stone Mining
20:04 Heavy Plow
20:52 Bow Saw
26:35 Forging
28:04 Wheelbarrow
28:21 Caravan
29:47 Husbandry
29:58 Bloodlines
31:24 Hand Cart
33:42 Imperial Age
32:03 Hand Cart
33:43 Capped Ram
34:36 Cavalier
35:57 Iron Casting
35:28 Scale Barding Armor
38:43 Chain Barding Armor
39:23 Blast Furnace
39:09 Gold Mining
让我坐边可能会投降
0:51 Loom
11:54 Feudal Age
12:38 Double-Bit Axe
12:43 Horse Collar
20:18 Castle Age
20:53 Wheelbarrow
21:23 Gold Mining
27:36 Imperial Age
25:27 Hand Cart
24:59 Town Watch
26:14 Heavy Plow
27:43 Bow Saw
27:29 Stone Mining
31:21 Stone Shaft Mining
31:27 Gold Shaft Mining
32:31 Town Patrol
32:38 Scale Barding Armor
32:44 Forging
33:26 Nomads
33:47 Conscription
36:17 Chain Barding Armor
36:33 Iron Casting
36:33 Husbandry
36:44 Bloodlines
35:55 Elite Steppe Lancer
39:15 Blast Furnace
38:54 Spies/Treason
diepat
10:19 Loom
13:57 Feudal Age
16:22 Double-Bit Axe
16:18 Horse Collar
17:01 Gold Mining
19:33 Castle Age
18:41 Stone Mining
20:36 Bow Saw
20:41 Heavy Plow
21:56 Wheelbarrow
30:06 Imperial Age
28:34 Hand Cart
28:14 Fletching
29:50 Gold Shaft Mining
30:40 Heavy Rocket Cart
33:18 Two-Man Saw
32:52 Elite Iron Pagoda
35:23 Bodkin Arrow
36:31 Forging
36:26 Scale Barding Armor
36:23 Bracer
37:11 Stone Shaft Mining
37:25 Bloodlines
37:16 Husbandry
36:46 Man-at-Arms
36:46 Pikeman
37:12 Gambesons
37:27 Squires
37:13 Arson
38:22 Crop Rotation
37:50 Light Cavalry
39:56 Conscription
39:06 Capped Ram
40:47 Iron Casting
40:33 Chain Barding Armor
40:13 Scale Mail Armor
40:14 Padded Archer Armor
88888
1:33 Loom
11:04 Feudal Age
13:22 Double-Bit Axe
13:18 Horse Collar
18:03 Castle Age
17:14 Wheelbarrow
17:19 Heavy Plow
19:19 Loom
19:47 Bow Saw
24:55 Stone Mining
24:57 Gold Mining
26:04 Hand Cart
25:38 Town Watch
27:19 Town Patrol
27:56 Gold Shaft Mining
27:58 Stone Shaft Mining
27:55 Crop Rotation
33:06 Imperial Age
31:04 Forging
30:59 Scale Barding Armor
33:13 Iron Casting
32:58 Chain Barding Armor
32:29 Fletching
33:52 Husbandry
34:13 Ballistics
33:49 Murder Holes
34:05 Masonry
36:25 Blast Furnace
36:00 Plate Barding Armor
34:51 Elite Coustillier
35:53 Conscription
35:40 Burgundian Vineyards
35:34 Bodkin Arrow
40:28 Two-Man Saw
电风扇
10:43 Feudal Age
11:23 Double-Bit Axe
14:15 Castle Age
12:30 Horse Collar
22:28 Loom
23:31 Wheelbarrow
23:31 Bow Saw
23:45 Fervor
23:32 Gold Mining
23:42 Stone Mining
23:56 Loom
24:41 Heavy Plow
Sam-Ba-Kaka
1:40 Loom
12:42 Feudal Age
13:29 Double-Bit Axe
13:27 Horse Collar
22:45 Castle Age
Xx360nOsCoPexX
10:30 Feudal Age
10:57 Double-Bit Axe
10:54 Horse Collar
17:13 Bloodlines
23:44 Castle Age
21:57 Gold Mining
23:10 Stone Mining
24:14 Forging
24:09 Scale Barding Armor
24:35 Bow Saw
24:26 Heavy Plow
26:22 Wheelbarrow
26:57 Light Cavalry
28:41 Hand Cart
34:37 Imperial Age
36:38 Hussar
Feed Me
0:35 Loom
13:06 Feudal Age
17:14 Horse Collar
17:30 Double-Bit Axe
19:48 Castle Age
19:59 Gold Mining
24:17 Wheelbarrow
Connection lost

Rejoining the realm…

Still unreachable

The connection could not be restored.

Session expired

The server has moved on; the page needs a fresh start.